 Dungeon Crawl Stone Soup version 0.24.0-13-gcf9b3192b9 (webtiles) character file.

Game seed: 13336033248134245776, levelgen mode: deterministic

16464 PunishMeDaddy the Impaler (level 12, -9/102 HPs)
             Began as a Formicid Chaos Knight on Nov 6, 2019.
             Was a Plaything of Xom.
             Mangled by a death yak simulacrum (27 damage)
             ... in an ice cave.
             The game lasted 00:40:06 (11056 turns).

PunishMeDaddy the Impaler (Formicid Chaos Knight)  Turns: 11056, Time: 00:40:07

Health: -9/102     AC: 17    Str: 24    XL:     12   Next: 70%
Magic:  0/12       EV:  8    Int: 14    God:    Xom [....*.]
Gold:   214        SH:  0    Dex: 14    Spells: 11/11 levels left

rFire    . . .     SeeInvis +   f - +3 halberd (freeze)
rCold    . . .     Gourm    .   (no shield)
rNeg     + . .     Faith    .   e - +2 plate armour
rPois    .         Spirit   +   (helmet unavailable)
rElec    .         Reflect  .   a - +0 cloak
rCorr    .         Harm     .   x - +2 pair of gloves
MR       +....                  (no boots)
Stlth    ..........             j - amulet of guardian spirit
HPRegen  0.27/turn              d - +2 ring of strength
MPRegen  0.13/turn              u - ring "Nuynwe" {+Inv rN+ Str+2 Dex+4}

@: no status effects
A: permanent stasis, dig shafts and tunnels, four strong arms, antennae 3, sense
surroundings 1, wild magic 1, sturdy frame 1
a: Dig, Shaft Self, Renounce Religion, Evoke Invisibility


You were in an ice cave.
You worshipped Xom.
You were a beloved toy of Xom.
You were hungry.

You visited 1 branch of the dungeon, and saw 13 of its levels.
You also visited: Ice Cave.

You collected 646 gold pieces.
You spent 432 gold pieces at shops.

Inventory:

Hand Weapons
 f - a +3 halberd of freezing (weapon)
 F - a +0 glaive of flaming
Missiles
 i - 31 poisoned darts (quivered)
Armour
 a - a +0 cloak (worn)
 e - a +2 plate armour (worn)
 x - a +2 pair of gloves (worn)
Jewellery
 d - a +2 ring of strength (left hand)
 j - an amulet of guardian spirit (around neck)
 u - the ring "Nuynwe" (right hand) {+Inv rN+ Str+2 Dex+4}
   (You took it off an orc on level 12 of the Dungeon)

   [ring of strength]

   It affects your strength (+2).
   It affects your dexterity (+4).
   It protects you from negative energy.
   It lets you turn invisible.
Wands
 q - a wand of acid (18)
 s - a wand of digging (7)
 w - a wand of paralysis (18)
Scrolls
 g - a scroll of immolation
 k - 7 scrolls of identify
 r - a scroll of fog
 y - a scroll of fear
 z - 2 scrolls of remove curse
 A - a scroll of magic mapping
Potions
 b - 3 potions of mutation
 h - 2 potions of lignification
 m - 4 potions of might
 n - 2 potions of brilliance
 o - 2 potions of resistance
 p - 2 potions of flight
 t - 6 potions of curing
 v - a potion of agility
 C - 4 potions of heal wounds
 E - a potion of invisibility
Comestibles
 c - 21 rations


   Skills:
 - Level 12.0 Fighting
 - Level 16.0 Polearms
 + Level 2.9 Armour
 - Level 0.8 Dodging


You had 11 spell levels left.
You didn't know any spells.
Your spell library contained the following spells:

 Spells                   Type           Power        Failure   Level  Hunger
 Beastly Appendage        Tmut           #.....       98%         1    ##.....
 Shock                    Conj/Air       #...         98%         1    ##.....
 Sticks to Snakes         Tmut           #.......     99%         2    ###....
 Swiftness                Chrm/Air       #.......     99%         2    ###....
 Spider Form              Tmut/Pois      #.........   100%        3    ####...
 Static Discharge         Conj/Air       #.......     100%        3    ####...
 Airstrike                Air            #.........   100%        4    #####..
 Ice Form                 Ice/Tmut       #.......     100%        4    #####..
 Blade Hands              Tmut           #.........   100%        5    ######.
 Lightning Bolt           Conj/Air       #.........   100%        5    ######.


Dungeon Overview and Level Annotations

Branches:
Dungeon (12/15)            Temple (0/1) D:4            Lair (0/6) D:10
    Orc (0/2) D:9           IceCv (1/1)

Altars:
Cheibriados
Elyvilon
Gozag
Kikubaaqudgha
Makhleb
Nemelex Xobeh
Qazlal
Ru
Sif Muna
Trog
Vehumet
Xom
Yredelemnul

Shops:
D:6 (   D:7 :   D:11 !

Annotations:
D:3 1 runed translucent door, krystol's ghost, amateur HOFi
D:5 1 runed translucent door, Crazy Yiuf
D:12 Josephine


Innate Abilities, Weirdness & Mutations

You cannot be hasted, slowed, berserked, paralysed or teleported.
You can dig through walls and to a lower floor.
Your four strong arms can wield two-handed weapons with a shield.
You have a pair of large antennae on your head. (SInv)
You passively map a small area around you.
Your spells are a little harder to cast, but a little more powerful.
Your movements are slightly less encumbered by armour. (ER -2)


Message History

The death yak simulacrum gores you. The death yak simulacrum freezes you!!
* * * LOW HITPOINT WARNING * * *
Attack whom?
Press: ? - help, Dir - move target cursor, f/p - death yak simulacrum
Aim: a death yak simulacrum (freezing vapour, almost destroyed)
You puncture the death yak simulacrum!
The death yak simulacrum vapourises!
Attack whom?
Press: ? - help, Dir - move target cursor, f - death yak simulacrum
Aim: a death yak simulacrum (freezing vapour)
You hit the death yak simulacrum but do no damage.
You extend your mandibles.
You dig through the rock wall.
Your white imp hits the death yak simulacrum but does no damage.
You retract your mandibles.
You slice the death yak simulacrum!!
The death yak simulacrum is heavily damaged.
The death yak simulacrum gores you!
* * * LOW HITPOINT WARNING * * *
The death yak simulacrum freezes you!!
You die...

, ≈ #...# ##
*##...## * *≈≈
*##.....## * ,
*#≈ #...∩...#
* * #≈≈
#.......# , ,
##≈≈###Z.∩..##
#≈≈≈≈#.#...##
* #≈≈5Z######
#≈≈##@# ##*
###


You could see a death yak simulacrum and a friendly white imp.

Vanquished Creatures
  A hydra (D:7)
  3 two-headed ogres
  A centaur warrior (D:14)
  An unseen horror (D:10)
  Pikel (D:6)
  An ugly thing (D:12)
  Joseph (D:8)
  A gargoyle (D:11)
  A queen bee (D:11)
  A wolf spider simulacrum (IceCv)
  3 hippogriffs
  A water elemental (D:10)
  An air elemental (D:10)
  A wraith (D:11)
  2 wyverns (D:11)
  A fire elemental (D:10)
  A human (D:9)
  5 yaks
  3 hogs (D:9)
  A death yak simulacrum (IceCv)
  Menkaure (D:7)
  Edmund (D:4)
  An acid dragon (D:12)
  2 water moccasins (D:7)
  4 orc warriors
  2 sky beasts
  An ice beast (D:9)
  Duvessa (D:4)
  An eye of draining (shapeshifter) (D:6)
  8 ogres
  3 eyes of draining (D:3)
  2 slaves (D:6)
  2 black bears (D:7)
  3 phantoms
  9 centaurs
  A crocodile (D:11)
  A big kobold (D:8)
  5 bullfrogs
  Blork the orc (D:6)
  A wyvern zombie (D:14)
  A gnoll sergeant (D:8)
  Dowan (D:4)
  An earth elemental (D:10)
  3 scorpions
  A water moccasin skeleton (D:4)
  24 killer bees
  11 wights
  2 howler monkeys
  2 electric eels (D:10)
  5 crimson imps
  2 bullfrog zombies
  A centaur zombie (D:5)
  5 orc priests
  2 gnoll shamans (D:9)
  7 hounds
  5 jellies
  10 orc wizards
  A centaur skeleton (D:7)
  Ijyb (D:3)
  2 bullfrog skeletons
  3 iguanas
  14 worker ants
  2 hound skeletons
  A hound zombie (D:9)
  A howler monkey zombie (D:11)
  A mummy (D:6)
  A worker ant zombie (D:9)
  Robin (D:4)
  16 gnolls
  17 adders
  A howler monkey skeleton (D:4)
  A river rat (D:11)
  3 shadow imps
  An ooze (D:4)
  2 adder skeletons
  3 worms
  A dart slug (D:1)
  6 leopard geckos
  42 orcs
  5 giant cockroaches
  9 goblins
  9 hobgoblins
  7 jackals
  5 quokkas
  6 bats
  4 frilled lizards
  7 kobolds
  A quokka zombie (D:8)
  6 rats
344 creatures vanquished.

Vanquished Creatures (collateral kills)
  A manticore (D:11)
  A scorpion (D:5)
  A wight (D:12)
  2 orc priests (D:4)
  3 orcs
  A goblin (D:4)
  A hobgoblin (D:4)
  2 fungi (D:11)
12 creatures vanquished.

Vanquished Creatures (others)
  3 fungi (D:11)
  5 toadstools (D:11)
8 creatures vanquished.

Grand Total: 364 creatures vanquished

Notes
Turn   | Place    | Note
-------+----------+-------------------------------------------
     0 | D:1      | PunishMeDaddy the Formicid Chaos Knight began the quest for
                  | the Orb.
     0 | D:1      | Reached XP level 1. HP: 18/18 MP: 1/1
   113 | D:1      | Reached XP level 2. HP: 20/24 MP: 2/2
   223 | D:1      | Reached skill level 4 in Polearms
   223 | D:1      | Reached XP level 3. HP: 23/29 MP: 3/3
   456 | D:2      | Found a sparkling altar of Nemelex Xobeh.
   467 | D:2      | Found a radiant altar of Vehumet.
   568 | D:2      | Reached XP level 4. HP: 33/35 MP: 4/4
   696 | D:2      | XOM: cloud trail
   884 | D:3      | XOM: divination: detect items
   923 | D:3      | Reached skill level 5 in Polearms
   925 | D:3      | Found a runed translucent door.
   925 | D:3      | Noticed krystol's ghost (amateur HOFi)
   937 | D:3      | Noticed Ijyb
   948 | D:3      | Killed Ijyb
   948 | D:3      | Reached XP level 5. HP: 27/41 MP: 5/5
  1006 | D:3      | Found a sacrificial altar of Ru.
  1032 | D:3      | XOM: medium Hex miscast
  1151 | D:3      | Reached skill level 6 in Polearms
  1422 | D:3      | Noticed an eye of draining
  1423 | D:3      | XOM: harmless Tmut miscast
  1425 | D:3      | Found a bloodstained altar of Trog.
  1425 | D:3      | Noticed an eye of draining
  1425 | D:3      | Noticed an eye of draining
  1427 | D:3      | XOM: potion effect (brilliance)
  1432 | D:3      | XOM: divination: magic mapping
  1435 | D:3      | XOM: potion effect (magic)
  1438 | D:3      | Killed an eye of draining
  1438 | D:3      | Reached XP level 6. HP: 47/47 MP: 2/6
  1448 | D:3      | Killed an eye of draining
  1448 | D:3      | Reached skill level 7 in Polearms
  1460 | D:3      | Killed an eye of draining
  1460 | D:3      | Reached XP level 7. HP: 52/52 MP: 0/7
  1633 | D:4      | XOM: scenery: create altars
  1750 | D:4      | Noticed Duvessa
  1751 | D:4      | Found a staircase to the Ecumenical Temple.
  1793 | D:4      | XOM: summons 5 friendly demons
  1811 | D:4      | Killed Duvessa
  1811 | D:4      | Reached skill level 8 in Polearms
  1837 | D:4      | Noticed Dowan
  1857 | D:4      | Killed Dowan
  1897 | D:4      | XOM: summons 2 friendly demons
  1985 | D:4      | Found a basalt altar of Yredelemnul.
  2021 | D:4      | XOM: stat loss: -1 Dex (9/10)
  2025 | D:4      | XOM: confuse monster(s)
  2040 | D:4      | XOM: divination: magic mapping
  2066 | D:4      | Reached XP level 8. HP: 43/58 MP: 2/8
  2084 | D:4      | XOM: fake destruction
  2122 | D:4      | Reached skill level 9 in Polearms
  2156 | D:4      | Noticed Edmund
  2296 | D:4      | Killed Edmund
  2368 | D:4      | XOM: scenery: create altars
  2388 | D:4      | XOM: enchant monster (good)
  2563 | D:4      | Noticed Robin
  2576 | D:4      | Killed Robin
  2778 | D:5      | Entered Level 5 of the Dungeon
  2817 | D:5      | XOM: enchant monster (bad)
  2823 | D:5      | XOM: polymorph sky beast -> centaur
  2915 | D:5      | XOM: scenery: 3 doors open
  2988 | D:5      | Reached skill level 10 in Polearms
  3019 | D:5      | XOM: swap monsters
  3066 | D:5      | XOM: harmless Fire miscast
  3156 | D:5      | XOM: summons 7 friendly demons
  3259 | D:5      | XOM: scenery: 1 doors open
  3274 | D:5      | XOM: scenery: 1 doors close
  3304 | D:5      | Found a runed translucent door.
  3305 | D:5      | Noticed Crazy Yiuf
  3353 | D:5      | XOM: scenery: 3 doors open, 1 doors close
  3509 | D:5      | Reached XP level 9. HP: 40/64 MP: 1/9
  3515 | D:5      | XOM: smoke on damage
  3732 | D:5      | Found an opulent altar of Gozag.
  3988 | D:6      | Reached skill level 11 in Polearms
  3993 | D:6      | Found a white marble altar of Elyvilon.
  4037 | D:6      | XOM: cast spell 'Necromutation'
  4115 | D:6      | Found a snail-covered altar of Cheibriados.
  4214 | D:6      | Found Nuimpyum's Weapon Boutique.
  4242 | D:6      | XOM: smoke on damage
  4305 | D:6      | XOM: god gift: ring mail {god gift}
  4357 | D:6      | XOM: medium Summ miscast
  4363 | D:6      | XOM: smoke on damage
  4375 | D:6      | Noticed Blork the orc
  4386 | D:6      | XOM: enchant monster (good)
  4402 | D:5      | XOM: divination: detect items
  4751 | D:6      | XOM: cleaving
  4765 | D:6      | XOM: polymorph slave -> shapeshifter
  4766 | D:6      | Noticed a jumping spider
  4766 | D:6      | a shapeshifter changed into a jumping spider
  4775 | D:6      | a jumping spider changed into an eye of draining
  4788 | D:6      | XOM: medium Chrm miscast
  5126 | D:6      | Killed Blork the orc
  5262 | D:6      | Reached skill level 12 in Polearms
  5339 | D:6      | XOM: summons 4 hostile demons
  5398 | D:6      | Noticed Pikel
  5420 | D:6      | XOM: potion effect (magic)
  5422 | D:6      | XOM: cleaving
  5442 | D:6      | XOM: confuse monster(s)
  5449 | D:6      | Killed Pikel
  5703 | D:7      | Noticed Menkaure
  5707 | D:7      | XOM: repel stairs
  5711 | D:7      | Killed Menkaure
  5711 | D:7      | Reached skill level 13 in Polearms
  5711 | D:7      | Reached XP level 10. HP: 66/70 MP: 10/10
  5721 | D:7      | XOM: swap monsters
  5898 | D:6      | XOM: medium Hex miscast
  5930 | D:7      | XOM: mild Erth miscast
  5933 | D:7      | XOM: fog
  6146 | D:7      | Noticed a five-headed hydra
  6220 | D:7      | XOM: cast spell 'Statue Form'
  6237 | D:7      | Killed a six-headed hydra
  6237 | D:7      | Reached skill level 14 in Polearms
  6332 | D:7      | XOM: give mutations
  6332 | D:7      | Gained mutation: You passively map a small area around you.
                  | [Xom's grace]
  6332 | D:7      | Gained mutation: Your movements are slightly less
                  | encumbered by armour. (ER -2) [Xom's grace]
  6635 | D:7      | XOM: harmless Erth miscast
  6697 | D:7      | Found Qiuf's Book Emporium.
  6713 | D:7      | XOM: cloud trail
  6810 | D:8      | Noticed a two-headed ogre
  6833 | D:7      | XOM: god gift: slimy chain mail {god gift}
  6834 | D:7      | Got a slimy chain mail {god gift}
  6835 | D:7      | Identified the +0 chain mail of an ice cave {MR- rCorr
                  | Dex+3} (Xom gifted it to you on level 7 of the Dungeon)
  6908 | D:8      | Found a stormy altar of Qazlal.
  7027 | D:8      | Found a burning altar of Makhleb.
  7134 | D:8      | XOM: confuse monster(s)
  7136 | D:8      | XOM: cast spell 'Alistair's Intoxication'
  7141 | D:8      | Killed a two-headed ogre
  7141 | D:8      | Reached skill level 15 in Polearms
  7365 | D:8      | Reached XP level 11. HP: 74/75 MP: 9/11
  7392 | D:8      | XOM: blink monster(s)
  7403 | D:8      | XOM: cleaving
  7495 | D:8      | Noticed Joseph
  7505 | D:8      | Killed Joseph
  7577 | D:8      | Identified the cursed +1 leather armour "Nivuca Etsu" {rC+
                  | MP+9 Str+4} (You found it on level 8 of the Dungeon)
  7764 | D:9      | XOM: summons 5 friendly demons
  7870 | D:9      | XOM: noise
  7876 | D:9      | XOM: cast spell 'Summon Ice Beast'
  8002 | D:9      | Found a staircase to the Orcish Mines.
  8015 | D:9      | Found a stormy altar of Qazlal.
  8024 | D:9      | Reached skill level 16 in Polearms
  8026 | D:9      | Found a shimmering altar of Xom.
  8026 | D:9      | Found an ancient bone altar of Kikubaaqudgha.
  8038 | D:9      | Found a shimmering altar of Xom.
  8038 | D:9      | Found a shimmering blue altar of Sif Muna.
  8038 | D:9      | Found a white marble altar of Elyvilon.
  8108 | D:9      | XOM: confuse monster(s)
  8290 | D:10     | Entered Level 10 of the Dungeon
  8296 | D:10     | Found a large runed translucent door.
  8297 | D:10     | Found a large runed translucent door.
  8356 | D:10     | Noticed an unseen horror
  8360 | D:10     | Killed an unseen horror
  8360 | D:10     | Reached skill level 5 in Fighting
  8378 | D:10     | Noticed a two-headed ogre
  8387 | D:10     | Killed a two-headed ogre
  8550 | D:10     | XOM: fog
  8600 | D:10     | Found a snail-covered altar of Cheibriados.
  8731 | D:10     | XOM: polymorph electric eel -> adder
  8975 | D:10     | Found a staircase to the Lair.
  9072 | D:10     | XOM: scenery: 2 doors close
  9201 | D:11     | Noticed a two-headed ogre
  9206 | D:11     | Killed a two-headed ogre
  9206 | D:11     | Reached XP level 12. HP: 51/94 MP: 10/12
  9333 | D:11     | XOM: summons friendly white imp
  9339 | D:11     | XOM: enchant monster (good)
  9347 | D:11     | XOM: polymorph white imp -> iron imp
  9379 | D:11     | Found Qorcho's Distillery.
  9387 | D:11     | Bought 2 potions of heal wounds for 180 gold pieces
  9387 | D:11     | Bought a potion of curing for 54 gold pieces
  9387 | D:11     | Bought a potion of curing for 54 gold pieces
  9387 | D:11     | Bought 2 potions of might for 144 gold pieces
  9438 | D:11     | Identified the cursed +1 falchion "Ringor" {slice, Str+2}
                  | (You found it on level 11 of the Dungeon)
  9532 | D:11     | XOM: noise
  9646 | D:11     | XOM: summons friendly shadow imp
  9649 | D:11     | Reached skill level 10 in Fighting
  9833 | D:11     | XOM: enchant monster (good)
  9853 | D:11     | XOM: polymorph killer bee -> river rat
  9906 | D:11     | XOM: summons 8 friendly demons
 10261 | D:11     | XOM: god gift: crystal ball of energy
 10390 | D:11     | XOM: give mutation
 10390 | D:11     | Gained mutation: Your spells are a little harder to cast,
                  | but a little more powerful. [Xom's grace]
 10497 | D:12     | Noticed Josephine
 10656 | D:12     | XOM: scenery: create altars
 10684 | D:12     | XOM: scenery: create altars
 10686 | D:12     | XOM: fake destruction
 10689 | D:12     | XOM: enchant monster (good)
 10697 | D:12     | Identified the ring "Nuynwe" {+Inv rN+ Str+2 Dex+4}
 10720 | D:12     | XOM: medium Fire miscast
 10775 | D:12     | XOM: blink monster(s)
 10777 | D:12     | You fall into a shaft and drop 2 floors!
 10777 | D:14     | XOM: mild Fire miscast
 10806 | D:14     | Noticed a centaur warrior
 10814 | D:14     | Killed a centaur warrior
 10885 | D:14     | Found a frozen archway.
 11038 | IceCv    | Entered an ice cave
 11051 | IceCv    | XOM: summons friendly white imp
 11056 | IceCv    | Mangled by a death yak simulacrum

Levels and vault maps discovered:
D:1:      minmay_arrival_plants_in_alcoves, layout_rooms
D:2:      layout_rooms, nemelex_xobeh_ov_fountains_minmay, vehumet_crystals,
          first_ration
D:3:      layout_loops_ring, lemuel_round_altar, trog_eyes_of_draining,
          ebering_ghost_inner_flame, uniq_ijyb
D:4:      layout_loops_ring, nicolae_overflow_crystal_walls,
          minmay_temple_entry_ruins, uniq_robin, uniq_edmund, uniq_duvessa
D:5:      layout_gridville, lemuel_statue_altar, uniq_crazy_yiuf_cottage
D:6:      layout_basic, slow_altar_2, serial_shops,
          nicolae_shop_window_shopping, elyvilon_altar_1, uniq_blork_the_orc,
          uniq_pikel
D:7:      minmay_chambers_of_sixes, layout_cave_pods, serial_shops,
          shop_fountains, minmay_misc_feat_room, uniq_menkaure
D:8:      layout_loops_corners, makhleb_heckhound_becter, grunt_qazlal_clouds,
          uniq_joseph
D:9:      layout_rooms, orc_0_dummy, grunt_livestock, doesnt_xom_only_xom
D:10:     layout_loops_ring, lair_entry_dummy, serial_bayou,
          serial_bayou_ford_a, serial_bayou_pond_e, serial_bayou_pond_d,
          serial_bayou_crossing, serial_bayou_pond_a, serial_bayou_shore_b,
          basic_altar, lightli_elemental_guards
D:11:     layout_basic, special_room [special_room_bee], serial_shops, shop,
          minmay_gold_behind_fungi
D:12:     layout_long_grid, uniq_josephine, uniq_azrael, uniq_urug
D:14:     layout_loops_ring, fedhas_altar_1, serial_ice, serial_ice_j,
          serial_ice_m, serial_ice_h, serial_ice_b,
          portal_ice_cave_entry_pillars_2
IceCv:    ice_cave_small_necro

Skill      XL: |  1  2  3  4  5  6  7  8  9 10 11 12 |
---------------+-------------------------------------+-----
Polearms       | 4 5 6 7 8 10 13 15 16 | 16.0
Fighting       | 8 12 | 12.0
Armour         | |  2.9
Dodging        | |  0.8

Action                   |  1- 3 |  4- 6 |  7- 9 | 10-12 || total
-------------------------+-------+-------+-------+-------++-------
Melee: Spear             |   114 |   110 |   560 |       ||   784
       Halberd           |       |       |    93 |   702 ||   795
Throw: Dart              |       |       |    37 |       ||    37
 Abil: Dig               |       |       |       |     7 ||     7
       Shaft Self        |       |       |       |     1 ||     1
Evoke: Wand              |       |       |     4 |     3 ||     7
  Use: Scroll            |     4 |     2 |     2 |    12 ||    20
       Potion            |       |     1 |    10 |     4 ||    15
 Stab: Petrifying        |     1 |     2 |       |       ||     3
       Distracted        |       |       |     1 |     3 ||     4
       Confused          |       |       |     1 |     4 ||     5
       Paralysed         |       |       |       |     7 ||     7
       Invisible         |       |       |       |     2 ||     2
  Eat: Chunk             |       |     2 |     7 |    15 ||    24
       Ration            |       |       |     2 |     1 ||     3
Armor: Leather armour    |     2 |       |       |       ||     2
       Plate armour      |    55 |    65 |   204 |   258 ||   582
       Skin              |       |       |    15 |    23 ||    38
Dodge: Dodged            |    28 |    26 |   100 |   159 ||   313
